APL (24 & UNDER)
NASHUA REDLEGS @ DETROIT DIRTY SNOW
09/19/2025
 
TOP OF THE 1ST
Nashua Redlegs batting - Pitching for Detroit Dirty Snow : RHP Hayden Collins
Pitching: RHP Hayden Collins
Batting: RHB Manuel Alonso 0-0: Called Strike
0-1: Ball
1-1: Ground out 6-3 (Groundball, 6)
Batting: RHB Eleuterio Supardo 0-0: Called Strike
0-1: Ground out 6-3 (Groundball, 6)
Batting: RHB Héctor Vázquez 0-0: Foul Ball, location: 2F
0-1: Fly out, F9 (Flyball, 9LM)
Top of the 1st over - 0 run(s), 0 hit(s), 0 error(s), 0 left on base; Nashua 0 - Detroit 0
BOTTOM OF THE 1ST
Detroit Dirty Snow batting - Pitching for Nashua Redlegs : RHP Johnny Bryant
Pitching: RHP Johnny Bryant
Batting: RHB Don Hooper 0-0: Ball
1-0: Ground out 6-3 (Groundball, 6)
Batting: RHB Cristo Souza 0-0: Called Strike
0-1: Called Strike
0-2: Ball
1-2: Ball
2-2: Ball
3-2: SINGLE (Flyball, 8RS)
Batting: LHB Eric Powell 0-0: Foul Ball, location: 2F
0-1: Swinging Strike
0-2: Ball
1-2: DOUBLE (Line Drive, 8LM)
Cristo Souza to third
Batting: RHB Héctor Berrios 0-0: Ball
1-0: Fly out, F9 (Flyball, 9M)
Runner from 3rd tags up, OUT at HOME
Bottom of the 1st over - 0 run(s), 2 hit(s), 0 error(s), 1 left on base; Nashua 0 - Detroit 0
TOP OF THE 2ND
Nashua Redlegs batting - Pitching for Detroit Dirty Snow : RHP Hayden Collins
Batting: RHB Javier Ortíz 0-0: Ball
1-0: Fly out, F7 (Flyball, 7LM)
Batting: LHB Bill McCraney 0-0: Ball
1-0: DOUBLE (Line Drive, 9LS)
Batting: RHB Gabriel Erwin 0-0: Ball
1-0: Ball
2-0: Ball
3-0: Called Strike
3-1: Foul Ball, location: 2F
3-2: Strikes out looking
Batting: LHB Tim Ramsey 0-0: TRIPLE (Flyball, 78S)
Bill McCraney scores
Batting: SHB José Hernández 0-0: Called Strike
0-1: Ball
1-1: Ball
2-1: Fly out, F6 (Popup, 56D)
Top of the 2nd over - 1 run(s), 2 hit(s), 0 error(s), 1 left on base; Nashua 1 - Detroit 0
BOTTOM OF THE 2ND
Detroit Dirty Snow batting - Pitching for Nashua Redlegs : RHP Johnny Bryant
Batting: SHB Tim Reid 0-0: Ball
1-0: Foul Ball, location: 2F
1-1: Swinging Strike
1-2: Fly out, F9 (Flyball, 9LM)
Batting: RHB José Velásquez 0-0: Ball
1-0: Ground out U3 (Groundball, 3L)
Batting: RHB Charlie O'Farrell 0-0: Foul Ball, location: 2F
0-1: Ball
1-1: Ball
2-1: Fly out, F8 (Popup, 8LS)
Bottom of the 2nd over - 0 run(s), 0 hit(s), 0 error(s), 0 left on base; Nashua 1 - Detroit 0
TOP OF THE 3RD
Nashua Redlegs batting - Pitching for Detroit Dirty Snow : RHP Hayden Collins
Batting: RHB Currito Campos 0-0: Ball
1-0: Fly out, F3 (Popup, 3SF)
Batting: RHB Manuel Alonso 0-0: Ball
1-0: Ground out 6-3 (Groundball, 6M)
Batting: RHB Eleuterio Supardo 0-0: Ball
1-0: Foul Ball, location: 2F
1-1: Swinging Strike
1-2: Strikes out looking
Top of the 3rd over - 0 run(s), 0 hit(s), 0 error(s), 0 left on base; Nashua 1 - Detroit 0
BOTTOM OF THE 3RD
Detroit Dirty Snow batting - Pitching for Nashua Redlegs : RHP Johnny Bryant
Batting: RHB Manny Perea 0-0: Ball
1-0: SINGLE (Groundball, 6S)
Batting: SHB Alan Garland 0-0: Ball
1-0: Ball
2-0: Ball
3-0: Called Strike
3-1: Base on Balls
Manny Perea to second
Batting: RHB Don Hooper 0-0: Called Strike
0-1: Foul Ball, location: 2F
0-2: Ball
1-2: SINGLE (Groundball, 56D)
Manny Perea to third
Alan Garland to second
Batting: RHB Cristo Souza 0-0: Called Strike
0-1: Ball
1-1: Called Strike
1-2: Ball
Passed Ball!
Manny Perea scores
Alan Garland to third
Don Hooper to second
2-2: Foul Ball, location: 2F
2-2: Ball
3-2: Base on Balls
Batting: LHB Eric Powell 0-0: Called Strike
0-1: Ball
1-1: Ball
2-1: Ball
3-1: Base on Balls
Alan Garland scores
Don Hooper to third
Cristo Souza to second
Batting: RHB Héctor Berrios 0-0: Fly out, F8 (Popup, 6MD)
Batting: SHB Tim Reid 0-0: Ball
1-0: Ball
2-0: Ball
3-0: Called Strike
3-1: Foul Ball, location: 2F
3-2: Foul Ball, location: 2F
3-2: Base on Balls
Don Hooper scores
Cristo Souza to third
Eric Powell to second
Batting: RHB José Velásquez 0-0: Foul Ball, location: 2F
0-1: Swinging Strike
0-2: Ball
1-2: Strikes out looking
Batting: RHB Charlie O'Farrell 0-0: Fly out, F4 (Line Drive, 4M)
Bottom of the 3rd over - 3 run(s), 2 hit(s), 0 error(s), 3 left on base; Nashua 1 - Detroit 3
TOP OF THE 4TH
Nashua Redlegs batting - Pitching for Detroit Dirty Snow : RHP Hayden Collins
Batting: RHB Héctor Vázquez 0-0: Ground out 6-3 (Groundball, 6M)
Batting: RHB Javier Ortíz 0-0: Ball
1-0: Ball
2-0: Called Strike
2-1: Foul Ball, location: 2F
2-2: Ground out 6-3 (Groundball, 6M)
Batting: LHB Bill McCraney 0-0: Ball
1-0: Called Strike
1-1: Fly out, F3 (Line Drive, 3)
Top of the 4th over - 0 run(s), 0 hit(s), 0 error(s), 0 left on base; Nashua 1 - Detroit 3
BOTTOM OF THE 4TH
Detroit Dirty Snow batting - Pitching for Nashua Redlegs : RHP Johnny Bryant
Batting: RHB Manny Perea 0-0: Ball
1-0: Ball
2-0: Ball
3-0: Called Strike
3-1: Base on Balls
Batting: SHB Alan Garland 0-0: Ball
1-0: Grounds into double play, 4-6-3 (Groundball, 34)
Batting: RHB Don Hooper 0-0: Ball
1-0: Fly out, F3 (Line Drive, 34S)
Bottom of the 4th over - 0 run(s), 0 hit(s), 0 error(s), 0 left on base; Nashua 1 - Detroit 3
TOP OF THE 5TH
Nashua Redlegs batting - Pitching for Detroit Dirty Snow : RHP Hayden Collins
Batting: RHB Gabriel Erwin 0-0: Ground out 6-3 (Groundball, 6M)
Batting: LHB Tim Ramsey 0-0: Ball
1-0: Swinging Strike
1-1: Ball
2-1: Ground out U3 (Groundball, 3)
Batting: SHB José Hernández 0-0: Ball
1-0: Called Strike
1-1: Fly out, F4 (Line Drive, 4)
Top of the 5th over - 0 run(s), 0 hit(s), 0 error(s), 0 left on base; Nashua 1 - Detroit 3
BOTTOM OF THE 5TH
Detroit Dirty Snow batting - Pitching for Nashua Redlegs : RHP Johnny Bryant
Batting: RHB Cristo Souza 0-0: Ball
1-0: Ball
2-0: Ball
3-0: Base on Balls
Batting: LHB Eric Powell Pickoff Throw to First - Out!
0-0: Swinging Strike
0-1: Foul Ball, location: 2F
0-2: Foul Ball, location: 2F
0-2: Ball
1-2: Ball
2-2: Foul Ball, location: 2F
2-2: Strikes out swinging
Batting: RHB Héctor Berrios 0-0: Ball
1-0: Ball
2-0: Fly out, F7 (Flyball, 7M)
Bottom of the 5th over - 0 run(s), 0 hit(s), 0 error(s), 0 left on base; Nashua 1 - Detroit 3
TOP OF THE 6TH
Nashua Redlegs batting - Pitching for Detroit Dirty Snow : RHP Hayden Collins
Batting: RHB Currito Campos 0-0: Ball
1-0: Swinging Strike
1-1: Ball
2-1: Called Strike
2-2: Ball
3-2: Strikes out looking
Batting: RHB Manuel Alonso 0-0: Ground out 5-3 (Groundball, 56S)
Batting: RHB Eleuterio Supardo 0-0: Called Strike
0-1: Ball
1-1: SINGLE (Groundball, 6M)
Batting: RHB Héctor Vázquez 0-0: Foul Ball, location: 2F
0-1: Ball
1-1: SINGLE (Groundball, 6MD)
Eleuterio Supardo to second
Batting: RHB Javier Ortíz 0-0: Ball
1-0: SINGLE (Groundball, 6MD)
Eleuterio Supardo to third
Héctor Vázquez to second
Runner from 3rd tries for Home, SAFE, no throw or cutoff
Batting: LHB Bill McCraney 0-0: Called Strike
0-1: Ball
1-1: Ball
2-1: Fielders Choice at 2nd, 6-4 (Groundball, 6)
Top of the 6th over - 1 run(s), 3 hit(s), 0 error(s), 1 left on base; Nashua 2 - Detroit 3
BOTTOM OF THE 6TH
Detroit Dirty Snow batting - Pitching for Nashua Redlegs : RHP Johnny Bryant
Batting: SHB Tim Reid 0-0: Called Strike
0-1: Called Strike
0-2: Foul Ball, location: 2F
0-2: Strikes out swinging
Pitching: RHP Carlos Rodríguez
Batting: RHB José Velásquez 0-0: Ball
1-0: DOUBLE (Groundball, 5L)
Batting: RHB Charlie O'Farrell 0-0: Called Strike
0-1: Ball
1-1: Foul Ball, location: 2F
1-2: Ball
2-2: Foul Ball, location: 2F
2-2: SINGLE (Line Drive, 9S)
José Velásquez to third
Runner from 3rd tries for Home, SAFE, no throw or cutoff
Batting: RHB Manny Perea 0-0: Ball
1-0: Reached on error, E6 (Groundball, 6)
Charlie O'Farrell to second
Batting: SHB Alan Garland 0-0: Called Strike
0-1: Ball
1-1: Ball
Charlie O'Farrell steals 3rd base
Manny Perea to second
2-1: SINGLE (Line Drive, 78S)
Charlie O'Farrell scores
Manny Perea to third
Runner from 3rd tries for Home, SAFE, throw made home
Alan Garland to second
Batting: RHB Don Hooper 0-0: Ball
1-0: Foul Ball, location: 2F
1-1: Fly out, F2 (Popup, 2LF)
Batting: RHB Cristo Souza 0-0: Ball
1-0: Ball
2-0: Fly out, F4 (Popup, 3D)
Bottom of the 6th over - 3 run(s), 3 hit(s), 1 error(s), 1 left on base; Nashua 2 - Detroit 6
TOP OF THE 7TH
Nashua Redlegs batting - Pitching for Detroit Dirty Snow : RHP Hayden Collins
Batting: RHB Gabriel Erwin 0-0: Foul Ball, location: 2F
0-1: Fly out, F7 (Flyball, 7S)
Batting: LHB Tim Ramsey 0-0: Called Strike
0-1: Called Strike
0-2: Foul Ball, location: 2F
0-2: Strikes out swinging
Batting: SHB José Hernández 0-0: Called Strike
0-1: Foul Ball, location: 2F
0-2: Strikes out looking
Top of the 7th over - 0 run(s), 0 hit(s), 0 error(s), 0 left on base; Nashua 2 - Detroit 6
BOTTOM OF THE 7TH
Detroit Dirty Snow batting - Pitching for Nashua Redlegs : RHP Carlos Rodríguez
Batting: LHB Eric Powell 0-0: Called Strike
0-1: Foul Ball, location: 2F
0-2: Ground out 6-3 (Groundball, 6M)
Batting: RHB Héctor Berrios 0-0: Fly out, F9 (Flyball, 89M)
Batting: SHB Tim Reid 0-0: Ball
1-0: Called Strike
1-1: Called Strike
1-2: Ball
2-2: Ball
3-2: Foul Ball, location: 2F
3-2: Base on Balls
Batting: RHB José Velásquez 0-0: Ball
1-0: Foul Ball, location: 2F
1-1: Ground out 5-3 (Groundball, 5S)
Bottom of the 7th over - 0 run(s), 0 hit(s), 0 error(s), 1 left on base; Nashua 2 - Detroit 6
TOP OF THE 8TH
Nashua Redlegs batting - Pitching for Detroit Dirty Snow : RHP Hayden Collins
Batting: RHB Currito Campos 0-0: Ball
1-0: Ground out 5-3 (Groundball, 5S)
Batting: RHB Manuel Alonso 0-0: Called Strike
0-1: Ground out 5-3 (Groundball, 56)
Batting: RHB Eleuterio Supardo 0-0: Ball
1-0: Ball
2-0: Ball
3-0: Base on Balls
Batting: RHB Héctor Vázquez 0-0: Ball
1-0: Ground out 3-1 (Groundball, 34)
Top of the 8th over - 0 run(s), 0 hit(s), 0 error(s), 1 left on base; Nashua 2 - Detroit 6
BOTTOM OF THE 8TH
Detroit Dirty Snow batting - Pitching for Nashua Redlegs : RHP Carlos Rodríguez
Pitching: RHP Fernando Valdés
Batting: RHB Charlie O'Farrell 0-0: Called Strike
0-1: SINGLE (Line Drive, 6MD)
Batting: RHB Manny Perea 0-0: Ground out 5-3 (Groundball, 5S)
Charlie O'Farrell to second
Batting: SHB Alan Garland 0-0: Ball
Wild Pitch!
Charlie O'Farrell to third
1-0: SINGLE (Groundball, 56)
Charlie O'Farrell scores
Batting: RHB Don Hooper 0-0: Called Strike
0-1: Ball
1-1: Ball
2-1: Ball
3-1: SINGLE (Groundball, 56S) (infield hit)
Alan Garland to second
Batting: RHB Cristo Souza 0-0: Ball
1-0: Ball
2-0: Foul Ball, location: 2F
2-1: 3-RUN HOME RUN (Flyball, 78XD), Distance : 415 ft
Batting: LHB Eric Powell 0-0: Ball
1-0: Foul Ball, location: 2F
1-1: Ground out 4-3 (Groundball, 4M)
Batting: RHB Héctor Berrios 0-0: Ball
1-0: Swinging Strike
1-1: Foul Ball, location: 2F
1-2: Fly out, F9 (Popup, 9S)
Bottom of the 8th over - 4 run(s), 4 hit(s), 0 error(s), 0 left on base; Nashua 2 - Detroit 10
TOP OF THE 9TH
Nashua Redlegs batting - Pitching for Detroit Dirty Snow : RHP Hayden Collins
Pitching: RHP Leonard Christensen
Batting: RHB Javier Ortíz 0-0: Called Strike
0-1: Ground out 6-3 (Groundball, 6M)
Batting: LHB Bill McCraney 0-0: Ground out 4-3 (Groundball, 4)
Batting: RHB Gabriel Erwin 0-0: Ball
1-0: Called Strike
1-1: Called Strike
1-2: Ball
2-2: Foul Ball, location: 2F
2-2: Foul Ball, location: 2F
2-2: Fly out, F8 (Flyball, 8LM)
Top of the 9th over - 0 run(s), 0 hit(s), 0 error(s), 0 left on base; Nashua 2 - Detroit 10
This league is powered by Out of the Park Baseball, the baseball management simulation game for PC, Mac and Linux
Tuesday, August 2nd, 2016 - OOTP Baseball 16.8 Build 38